 Dungeon Crawl Stone Soup version 0.32-a0-132-g2d33c3cfaf (webtiles) character file.

Game seed: 5251970392647996045

373 Ceno the Changeling (level 6, -3/42 HPs)
             Began as an Octopode Shapeshifter on Feb 10, 2024.
             Slain by a gnoll
             ... wielding a +0 spear
              (10 damage)
             ... on level 3 of the Dungeon.
             The game lasted 00:07:16 (3079 turns).

Ceno the Changeling (Octopode Shapeshifter)         Turns: 3079, Time: 00:07:16

Health: -3/42      AC:  1    Str: 15    XL:     6   Next: 71%
Magic:  6/6        EV: 13    Int: 12    God:
Gold:   220        SH:  0    Dex: 12    Spells: 5/5 levels left

rFire   . .          .
                       - Unarmed
rCold   . . .        (no shield)
rNeg    . . .        (helmet currently unavailable)
rPois   .            (no amulet)
rElec   .            (no ring)
rCorr   .            (no ring)
SInv    .            (no ring)
Will    .....        (no ring)
Stlth   +++          (no ring)
HPRegen 0.27/turn    (no ring)
MPRegen 0.10/turn    (no ring)
                     (no ring)

%: no passive effects
@: beast-form
A: beast (slay +2), almost no armour, amphibious, 8 rings, camouflage 1,
gelatinous body 1, (nimble swimmer 1), tentacles
a: Begin Untransformation


You were on level 3 of the Dungeon.
You were a hulking beast.
You visited 1 branch of the dungeon, and saw 4 of its levels.

You collected 220 gold pieces.

Inventory:

Missiles
 k - 27 stones (quivered)
Armour
 t - a +0 buckler
Jewellery
 h - an amulet of regeneration
Talismans
 b - a beast talisman
 c - a flux talisman
Wands
 s - a wand of charming (10)
Scrolls
 a - a scroll of immolation {unknown}
 d - a scroll of summoning {unknown}
 e - 3 scrolls of identify {unknown}
 i - 3 scrolls of teleportation
 n - a scroll of blinking {unknown}
 o - a scroll of fear {unknown}
 p - a scroll of brand weapon {unknown}
 v - a scroll of amnesia {unknown}
Potions
 f - 2 potions of cancellation {unknown}
 g - a potion of haste {unknown}
 j - a potion of magic {unknown}
 l - a potion of brilliance {unknown}
 m - 2 potions of heal wounds {unknown}
 q - a potion of enlightenment {unknown}
 r - a potion of resistance {unknown}
 u - a potion of degeneration {unknown}
 w - a potion of ambrosia {unknown}


   Skills:
 + Level 3.0 Fighting
 - Level 2.0 Dodging
 - Level 3.0 Stealth
 + Level 4.2 Unarmed Combat
 * Level 5.1 Shapeshifting


You had 5 spell levels left.
You didn't know any spells.
Your spell library contained the following spells:

 Spells                   Type           Power      Damage    Failure   Level
 Animate Dead             Necr           0%         N/A       97%         4
 Vhi's Electric Charge    Tloc/Air       0%         N/A       97%         4
 Arcjolt                  Conj/Air       0%         1d10      100%        5
 Borgnjor's Vile Clutch   Necr/Erth      0%         N/A       100%        5
 Death Channel            Necr           0%         N/A       100%        6
 Maxwell's Capacitive Co  Air            0%         ∞         100%        8


Dungeon Overview and Level Annotations

Branches:
Dungeon (4/15)
 Temple: D:4-7

Altars:

Shops:
D:2 [

Annotations:
D:3 exclusion: dart slug, Sigmund


Innate Abilities, Weirdness & Mutations

You are a hulking beast.
Your limbs bulge with bestial killing power. (Slay +2)
You cannot wear most types of armour.
You are amphibious.
You can wear up to eight rings at the same time.
Your skin changes colour to match your surroundings (Stealth+).
Your rubbery body absorbs attacks. (AC +1, EV +1)
((You are camouflaged when in or above water. (Stealth+)))
You have tentacles for arms and can constrict up to eight enemies at once.


Message History

You tentacle-slap the orc wizard but do no damage.
Your grab misses the orc wizard. Your squeeze misses the orc wizard.
You hear a shout!
The orc wizard closely misses you.
The gnoll shouts!
You tentacle-slap the orc wizard but do no damage.
You grab the orc wizard.
You constrict the orc wizard, but do no damage.
A ball python comes into view.
A gnoll comes into view. It is wielding a +0 spear.
The orc wizard completely misses you.
The ball python hisses angrily.
The gnoll shouts!
You tentacle-slap the orc wizard. Your squeeze misses the orc wizard.
The orc wizard is moderately wounded.
You constrict the orc wizard, but do no damage.
A gnoll comes into view. It is wielding a +0 spear.
The orc wizard gestures at you while chanting.
The magic dart hits you!
You tentacle-slap the orc wizard. You squeeze the orc wizard.
You kill the orc wizard!
The gnoll attacks as it pursues you! The gnoll closely misses you.
The gnoll attacks as it pursues you! The gnoll hits you with a +0 whip!
The gnoll attacks as it pursues you! The gnoll hits you with a +0 whip.
The gnoll hits you with a +0 spear. The gnoll attacks as it pursues you!
The gnoll hits you with a +0 whip. The gnoll hits you but does no damage.
The gnoll misses you.
There is a stone staircase leading up here.
The gnoll hits you with a +0 spear! The gnoll hits you with a +0 whip.
* * * LOW HITPOINT WARNING * * *
You climb upwards.
Level annotation: exclusion: dart slug, Sigmund
There is a stone staircase leading down here.
Things that are here:
a +0 robe; a +0 dagger; an orc skeleton The gnoll hits you from afar with a +0 spear.
* * * LOW HITPOINT WARNING * * *
The gnoll attacks as it pursues you!
The gnoll hits you from afar with a +0 spear!
You die...

#..................##.@...w.
#####.###########.####.##.## ##
#.....# #.# #.#...##### #.#####
#.# #..###.#... #.# #.####.##
##.### #.############ #...>..#
#.# # #............# #.###..##
##.###
############.####...#.<.###.#...
###### #....h.g..#÷#....#####
#....# #..####g....##..######
#.##.#######..#####..#####.......
#.##............##....###.#######
#.##########...........#.## #.#
#..###.###.#.## ..#
#..#.....#.#.# ### #..#.....#...#
#..........#.#


You could see 2 gnolls.

Vanquished Creatures
  Grinder (D:3)
  2 orc wizards
  3 gnolls
  3 adders (D:2)
  2 ribbon worms (D:2)
  2 dart slugs
  2 orcs (D:4)
  7 bats
  7 endoplasms
  3 giant cockroaches
  6 goblins
  7 hobgoblins
  3 jackals (D:1)
  4 quokkas
  5 ball pythons
  4 frilled lizards
  6 kobolds
  9 rats
76 creatures vanquished.

Notes
Turn   | Place    | Note
-------+----------+-------------------------------------------
     0 | D:1      | Ceno the Octopode Shapeshifter began the quest for the Orb.
     0 | D:1      | Reached XP level 1. HP: 13/13 MP: 1/1
    82 | D:1      | Reached XP level 2. HP: 18/18 MP: 2/2
    97 | D:1      | Reached skill level 1 in Stealth
   433 | D:1      | Reached XP level 3. HP: 16/23 MP: 3/3
  1013 | D:2      | Found Kaocec's Antique Armour Emporium.
  1143 | D:2      | Reached XP level 4. HP: 29/29 MP: 4/4
  1713 | D:3      | Noticed Grinder
  1721 | D:3      | Paralysed by Grinder for 3 turns
  1731 | D:3      | Killed Grinder
  1732 | D:3      | Reached skill level 4 in Shapeshifting
  1732 | D:3      | Reached XP level 5. HP: 17/35 MP: 5/5
  1732 | D:3      | Reached XP level 6. HP: 20/41 MP: 6/6
  2022 | D:3      | Noticed Sigmund
  2862 | D:3      | Reached skill level 5 in Shapeshifting
  3057 | D:4      | Identified the +2 robe of Twilight {MP+9 SInv}
  3079 | D:3      | Slain by a gnoll

Illustrated notes

Levels and vault maps discovered:
D:1:      dpeg_arrival_pits, layout_loops_ring, serial_glass, glass_columns_a,
          glass_columns_b, glass_columns_c, st_stairs_6
D:2:      layout_basic, serial_shops, nicolae_shop_crystal
D:3:      layout_loops_ring, st_stairs_3, grunt_decor_resistance, uniq_grinder,
          uniq_sigmund
D:4:      layout_loops_ring, chequers_temple_overflow_statue_of_worship,
          uniq_crazy_yiuf_cottage

Skill      XL: |  1  2  3  4  5  6 |
---------------+-------------------+-----
Stealth        | 1 3 |  3.0
Fighting       | 2 3 |  3.0
Unarmed Combat | 4 |  4.2
Shapeshifting  | 4 5 |  5.1
Dodging        | |  2.0

Action                     |  1- 3 |  4- 6 || total
---------------------------+-------+-------++-------
  Melee: Unarmed           |    63 |    83 ||   146
         Constrict         |    14 |    17 ||    31
         Tentacles         |     9 |    11 ||    20
         Punch             |     1 |     6 ||     7
  Throw: Stone             |     2 |     7 ||     9
    Use: Scroll            |     1 |       ||     1
         Potion            |       |     1 ||     1
   Stab: Sleeping          |     5 |     7 ||    12
 Armour: Skin              |    21 |    35 ||    56
  Dodge: Dodged            |    25 |    35 ||    60

Table legend: (Time is in decaauts)
 A = Elapsed time spent in this place.
 B = Non-inter-level travel time spent in this place.
 C = Inter-level travel time spent in this place.
 D = Time resting spent in this place.
 E = Time spent auto-exploring this place.
 F = Levels seen in this place.
 G = Mean time per level.
                   A        B        C        D        E       F      G
               +--------+--------+--------+--------+--------+-----+--------+
         Total |   3075 |   2933 |    142 |    269 |   1774 |   4 |  768.8 |
       Dungeon |   3075 |   2933 |    142 |    269 |   1774 |   4 |  768.8 |
               +--------+--------+--------+--------+--------+-----+--------+

Top non-repeatable levels by time:
     D:3: 1137 daAuts
     D:2: 940 daAuts
     D:1: 865 daAuts
     D:4: 132 daAuts
